 Dungeon Crawl Stone Soup version 0.31.0 (webtiles) character file.

Game seed: 16863435857023013852

205 dorian the Ruffian (level 5, -1/34 HPs)
             Began as an Octopode Shapeshifter on Jan 19, 2024.
             Killed from afar by Natasha (7 damage)
             ... with a magic dart
             ... on level 3 of the Dungeon.
             The game lasted 00:03:02 (2375 turns).

dorian the Ruffian (Octopode Shapeshifter)          Turns: 2375, Time: 00:03:02

Health: -1/34      AC:  1    Str: 16    XL:     5   Next: 83%
Magic:  5/5        EV: 13    Int: 12    God:
Gold:   128        SH:  0    Dex: 11    Spells: 4/4 levels left

rFire   . .          .
                       - Unarmed
rCold   . . .        (no shield)
rNeg    . . .        (helmet currently unavailable)
rPois   .            (no amulet)
rElec   .            (no ring)
rCorr   .            (no ring)
SInv    .            (no ring)
Will    .....        (no ring)
Stlth   ++           (no ring)
HPRegen 0.25/turn    (no ring)
MPRegen 0.09/turn    (no ring)
                     (no ring)

%: no passive effects
@: about to teleport, beast-form
A: beast (slay +2), almost no armour, amphibious, 8 rings, camouflage 1,
gelatinous body 1, (nimble swimmer 1), tentacles
a: Begin Untransformation


You were on level 3 of the Dungeon.
You were a hulking beast.
You visited 1 branch of the dungeon, and saw 3 of its levels.

You collected 128 gold pieces.

Inventory:

Missiles
 m - 5 boomerangs (quivered)
Talismans
 b - a beast talisman
 c - a flux talisman
Scrolls
 f - a scroll of silence
 r - 2 scrolls of identify
Potions
 a - a potion of lignification
 d - 2 potions of brilliance {unknown}
 h - a potion of haste


   Skills:
 + Level 2.1 Fighting
 + Level 2.9 Dodging
 * Level 4.4 Unarmed Combat
 * Level 4.2 Shapeshifting


You had 4 spell levels left.
You didn't know any spells.
Your spell library contained the following spells:

 Spells                   Type           Power      Damage    Failure   Level
 Hailstorm                Conj/Ice       0%         3d5       69%         3
 Summon Ice Beast         Ice/Summ       0%         N/A       69%         3
 Tukima's Dance           Hex            0%         N/A       69%         3
 Dimensional Bullseye     Hex/Tloc       0%         N/A       97%         4
 Iskenderun's Mystic Bla  Conj/Tloc      0%         2d3       97%         4
 Sculpt Simulacrum        Ice/Alch       0%         N/A       100%        6


Dungeon Overview and Level Annotations

Branches:
Dungeon (3/15) Zot: 15631

Altars:
Qazlal

Annotations:
D:3 Natasha, Sigmund


Innate Abilities, Weirdness & Mutations

You are a hulking beast.
Your limbs bulge with bestial killing power. (Slay +2)
You cannot wear most types of armour.
You are amphibious.
You can wear up to eight rings at the same time.
Your skin changes colour to match your surroundings (Stealth+).
Your rubbery body absorbs attacks. (AC +1, EV +1)
((You are camouflaged when in or above water. (Stealth+)))
You have tentacles for arms and can constrict up to eight enemies at once.


Message History

Found a stone staircase leading down.
There is a stone staircase leading down here.
A bat comes into view.
Found a stone staircase leading up.
A bat is nearby!
There is a stone staircase leading up here.
The bat hits you.
You barely miss the bat. Your grab misses the bat.
Your tentacle-slap misses the bat.
The bat closely misses you. The bat closely misses you.
You tentacle-slap the bat.
You kill the bat!
No target in view!
No target in view!
An orc comes into view. It is wielding a +0 dagger.
Found 4 poisoned darts.
Sigmund the Dreaded comes into view.
He is wielding a +0 scythe and carrying a wand of polymorph.
Sigmund shouts!
The orc shouts!
You hear an angry hiss.
There is an open door here.
You tentacle-slap the orc. Your grab misses the orc. You tentacle-slap the orc.
You kill the orc!
Natasha, Servant of Life and Death comes into view.
Sigmund casts a spell.
Sigmund flickers and vanishes!
Deactivating autopickup; reactivate with Ctrl-A.
Natasha casts a spell at you. The magic dart hits you. Something hits you!
Unknown command.
The air fills with toxic fumes!
As you read the scroll of poison, it crumbles to dust.
As you read the scroll of teleportation, it crumbles to dust.
You feel strangely unstable. Something hits you!
* * * LOW HITPOINT WARNING * * *
You feel better. Something hits you!
* * * LOW HITPOINT WARNING * * *
You closely miss something. Your squeeze misses something.
Natasha stares at you and mumbles some strange words.
The magic dart hits you!
You die...
Natasha begins licking her fur clean.

†'†###.......<#.#......
.####.....§§..#§#§§§§§.
....+......§..#§#§§§§.
.####.......§.#§#§#§####
## ####+###§#§§§§§§§§§ #
#§#§§§§§§§§§ #
#§§§§§§§§§§§ #
#.#§§§§§§§§§
###{h§§§§§§§ #§§§§§§§§§
#§§§§h§§§§ #§§§§§§§§§
#§§§§§§§§§ #§§§§§§§§§
#§§§§§§§§§ #§§§§§§§§§


You could see Natasha.

Vanquished Creatures
  A bombardier beetle (D:3)
  Jessica (D:2)
  Natasha (twice) (D:3)
  Robin (D:2)
  3 adders
  An orc (D:3)
  8 bats
  An endoplasm (D:2)
  3 giant cockroaches
  13 goblins
  9 hobgoblins
  2 quokkas
  7 ball pythons
  3 frilled lizards (D:1)
  6 kobolds
  3 rats
64 creatures vanquished.

Notes
Turn   | Place    | Note
-------+----------+-------------------------------------------
     0 | D:1      | dorian the Octopode Shapeshifter began the quest for the
                  | Orb.
     0 | D:1      | Reached XP level 1. HP: 13/13 MP: 1/1
   169 | D:1      | Reached XP level 2. HP: 18/18 MP: 2/2
   701 | D:1      | Found a faded altar of an unknown god.
   817 | D:2      | Found a stormy altar of Qazlal.
   945 | D:2      | Noticed Robin
   954 | D:2      | Killed Robin
   955 | D:2      | Reached XP level 3. HP: 19/23 MP: 3/3
  1030 | D:2      | Noticed Jessica
  1034 | D:2      | Killed Jessica
  1035 | D:2      | Reached XP level 4. HP: 29/29 MP: 4/4
  1909 | D:3      | Noticed Natasha
  1917 | D:3      | Killed Natasha
  1918 | D:3      | Reached XP level 5. HP: 34/34 MP: 5/5
  2073 | D:3      | Noticed Natasha
  2148 | D:3      | Killed Natasha
  2368 | D:3      | Noticed Sigmund
  2369 | D:3      | Noticed Natasha
  2375 | D:3      | Killed from afar by Natasha

Illustrated notes

Levels and vault maps discovered:
D:1:      wander_arrival_estate, layout_basic,
          dilly_ecumenical_altar_fadedgnrine, serial_rivers,
          chequers_serial_rivers_micro_a, chequers_serial_rivers_marsh,
          chequers_serial_rivers_large_a, chequers_serial_rivers_micro_b,
          chequers_serial_rivers_micro_d
D:2:      wad_river_or_something, layout_basic, basic_altar, uniq_jessica,
          uniq_robin
D:3:      layout_basic, uniq_terence, uniq_natasha, uniq_sigmund

Skill      XL: |  1  2  3  4  5 |
---------------+----------------+-----
Unarmed Combat | 4 |  4.4
Fighting       | 2 |  2.1
Shapeshifting  | 4 |  4.2
Dodging        | |  2.9

Action                     |  1- 3 |  4- 6 || total
---------------------------+-------+-------++-------
  Melee: Unarmed           |    52 |    60 ||   112
         Constrict         |    12 |    14 ||    26
         Tentacles         |     7 |    11 ||    18
         Punch             |       |     3 ||     3
    Use: Scroll            |       |    12 ||    12
         Potion            |       |     1 ||     1
   Stab: Sleeping          |     6 |     6 ||    12
 Armour: Skin              |    16 |    31 ||    47
  Dodge: Dodged            |    19 |    29 ||    48
